Map: Ever Dream LE

Players

Kas - Winner!

  • Race: Terran Terran
  • League: Grandmaster
  • Spawn Location: 7:00

Denver

  • Race: Zerg Zerg
  • League: Grandmaster
  • Spawn Location: 1:00

Event: DreamHack SC2 Masters 2020 Fall

VOD

Have the link to the VOD?

Description

Time

  • Played on: Aug. 30, 2020, 1:22 p.m.
  • Length: 22:28

All games in this series

Show
View Real Time Build Order
Export as new Build Order

Kas Terran - Winner!

Build Orders: Liberator Opening, Reaper Expand 

Get SALT Encoding   

  12  0:00  SCV  
  13  0:12  SCV  
  14  0:17  Supply Depot  
  14  0:24  SCV  
  15  0:38  SCV  
  15  0:39  Barracks  
  16  0:44  Refinery  
  16  0:50  SCV  
  17  1:02  SCV  
  18  1:14  SCV  
  19  1:27  Reaper  
  19  1:28  Orbital Command  
  20  1:39  Command Center  
  20  1:47  Supply Depot  
  20  1:54  SCV  
  20  1:59  Marine  
  22  2:06  SCV  
  22  2:08  Factory  
  23  2:17  Refinery  
  23  2:18  SCV  
  24  2:24  Barracks Reactor  
  24  2:33  SCV  
  25  2:45  SCV  
  26  2:52  Orbital Command  
  26  2:54  Starport  
  26  2:57  SCV  
  27  3:04  Hellion x2  
  31  3:05  Barracks Tech Lab  
  31  3:09  SCV  
  32  3:18  SCV  
  33  3:21  SCV  
  33  3:25  Hellion x2  
  38  3:28  Marine  
  38  3:30  SCV, Liberator  
  38  3:33  SCV  
  43  3:36  Supply Depot  
  43  3:42  SCV  
  43  3:43  Stimpack  
  43  3:46  Marine  
  43  3:47  SCV  
  46  3:58  SCV, Hellion x2  
  46  3:59  SCV  
  46  4:00  Supply Depot  
  52  4:12  Command Center  
  52  4:13  SCV  
  52  4:14  SCV  
  54  4:20  Supply Depot  
  54  4:21  Marine  
  55  4:25  SCV, Hellion  
  55  4:27  Hellion  
  55  4:29  SCV  
  61  4:33  Starport Reactor  
  61  4:37  SCV  
  62  4:41  Marine  
  62  4:42  SCV  
  64  4:45  Engineering Bay  
  64  4:46  Engineering Bay  
  64  4:51  SCV  
  65  4:54  Barracks  
  65  4:56  SCV  
  66  5:00  Factory Reactor  
  66  5:01  Barracks  
  66  5:07  SCV  
  66  5:08  SCV  
  66  5:10  Supply Depot  
  66  5:13  Terran Infantry Weapons Level 1, Terran Infantry Armor Level 1  
  68  5:14  Refinery  
  68  5:15  Refinery  
  68  5:16  Marine  
  68  5:19  SCV  
  68  5:20  SCV  
  68  5:22  Starport Reactor  
  68  5:31  SCV  
  68  5:34  Marine  
  60  5:37  SCV  
  60  5:41  Combat Shield  
  62  5:44  SCV  
  62  5:45  Orbital Command, Factory Tech Lab  
  62  5:46  Marine, Barracks x2  
  62  5:48  Barracks Reactor  
  63  5:50  SCV  
  63  5:51  Marine  
  63  5:53  Marine  
  63  5:56  SCV  
  67  6:04  SCV, Marine  
  68  6:05  Siege Tank  
  68  6:06  Medivac x2  
  68  6:08  Orbital Command  
  68  6:09  Marine  
  68  6:11  Marine  
  77  6:13  SCV  
  79  6:19  SCV  
  79  6:21  Marine  
  79  6:24  Barracks  
  81  6:26  Barracks  
  81  6:27  Marine, Barracks  
  81  6:28  Marine  
  81  6:29  Armory, Marine  
  81  6:31  Marine  
  85  6:34  SCV x2  
  85  6:35  SCV  
  85  6:36  Marine x2  
  85  6:39  Marine  
  91  6:45  Marine  
  91  6:46  Marine  
  93  6:47  Supply Depot  
  93  6:49  Supply Depot x2  
  93  6:53  Supply Depot  
  93  6:55  Supply Depot  
  93  6:59  Supply Depot  
  93  7:08  Medivac, Marine x3, Siege Tank  
  93  7:09  Marine x2  
  93  7:13  SCV x2  
  93  7:14  SCV, Marine  
  93  7:15  Terran Infantry Weapons Level 2  
  102  7:16  Barracks Reactor x2  
  102  7:17  Barracks Reactor  
  102  7:18  Terran Infantry Armor Level 2  
  102  7:21  Marine x2  
  102  7:22  Missile Turret  
  104  7:25  Marine  
  105  7:30  Marine x5  
  105  7:31  Marine  
  111  7:38  Marine  
  111  7:39  Supply Depot, Missile Turret, Marine  
  111  7:41  Medivac  
  111  7:42  Marine  
  116  7:45  Siege Tank  
  116  7:48  Marine  
  120  7:53  Marine x5  
  120  7:54  Marine x3  
  120  7:55  Medivac  
  120  7:56  Marine  
  131  7:58  Supply Depot x2  
  131  7:59  Marine  
  131  8:01  Supply Depot, Marine  
  131  8:02  Marine  
  134  8:07  Marine x3  
  134  8:11  Marine x4  
  141  8:15  Supply Depot, Marine x2  
  141  8:16  Supply Depot  
  141  8:18  Marine x2  
  145  8:21  Marine  
  145  8:24  Medivac  
  145  8:25  Medivac, Siege Tank  
  145  8:26  Marine x3  
  156  8:27  Marine x2  
  156  8:28  Marine  
  156  8:30  Marine x2  
  156  8:33  Marine  
  156  8:34  Marine  
  163  8:47  Marine x11  
  163  8:48  Marine x2  
  176  8:51  Marine x2  
  178  9:05  Marine x7  
  178  9:08  Siege Tank  
  187  9:13  Marine  
  187  9:14  Marine  
  189  9:21  Marine x6  
  189  9:22  Marine  
  189  9:23  Marine  
  188  9:25  Marine  
  189  9:32  Marine  
  189  9:42  Terran Infantry Weapons Level 3, Terran Infantry Armor Level 3  
  189  9:54  Marine  
  189  9:55  Marine x2  
  189  9:56  Marine x9  
  180  10:02  Marine  
  180  10:03  Marine x2  
  172  10:11  Missile Turret, Marine  
  172  10:12  Marine  
  172  10:13  Marine  
  166  10:20  Marine  
  166  10:21  Marine x4  
  141  10:22  Marine x2  
  142  10:29  Marine x2  
  142  10:35  Marine x2  
  143  10:37  Marine  
  132  10:51  Marine  
  132  10:54  Marine x14  
  132  10:55  Siege Tank  
  132  10:56  Medivac  
  149  11:09  Marine  
  150  11:12  Marine x10  
  150  11:16  Marine x2  
  142  11:19  Marine  
  142  11:25  Marine  
  143  11:33  Marine  
  143  11:37  Marine x2  
  146  11:43  Marine x3  
  140  11:59  Marine x5  
  134  12:11  Marine  
  134  12:12  Marine x3  
  118  12:38  Marine x2  
  118  12:41  Marine  
  118  12:43  Marine x11  
  132  12:46  Marine  
  133  12:56  Marine  
  131  13:06  Marine x2  
  133  13:16  Marine x8  
  133  13:17  Marine x2  
  133  13:18  Marine x2  
  145  13:23  Marine  
  139  13:41  Marine x2  
  139  13:43  Marine  
  139  13:46  SCV x2  
  139  13:48  SCV  
  145  13:58  Marine x2  
  145  13:59  Marine x7  
  149  14:13  Marine  
  149  14:17  Marine  
  150  14:20  Marine  
  151  14:30  Marine  
  152  14:34  Marine x2  
  153  14:45  Marine x2  
  134  14:52  Marine x4  
  136  14:58  Marine x2  
  136  14:59  Marine  
  139  15:04  Marine  
  140  15:12  Marine  
  141  15:17  Marine  
  141  15:18  Marine  
  141  15:19  Marine  
  141  15:20  Marine x2  
  141  15:41  Marine  
  142  15:48  Marine x3  
  144  15:53  Medivac x2  
  144  15:54  Marine x2  
  143  16:01  Marine  
  144  16:06  Marine x7  
Show
View Real Time Build Order
Export as new Build Order

Denver Zerg 

Build Orders: Hatch First, Muta Ling Bane 

Get SALT Encoding   

  12  0:00  Drone  
  13  0:12  Overlord  
  13  0:17  Drone  
  14  0:31  Drone x2  
  16  0:48  Hatchery  
  15  0:52  Drone  
  15  0:55  Drone  
  17  0:59  Drone  
  18  1:09  Extractor  
  17  1:15  Spawning Pool  
  16  1:19  Drone  
  16  1:22  Drone  
  18  1:30  Drone  
  19  1:39  Drone  
  20  1:50  Overlord  
  20  2:03  Zergling x4, Queen x2  
  26  2:11  Metabolic Boost  
  26  2:14  Drone  
  26  2:15  Drone  
  28  2:24  Drone  
  29  2:30  Spore Crawler  
  29  2:34  Drone x2  
  31  2:37  Extractor  
  31  2:43  Overlord  
  32  2:45  Drone  
  31  2:55  Drone  
  31  2:56  Hatchery  
  31  2:57  Drone  
  33  3:01  Drone  
  34  3:08  Drone x2  
  34  3:10  Queen  
  38  3:13  Drone  
  38  3:19  Pneumatized Carapace  
  39  3:23  Spore Crawler  
  39  3:27  Drone x3  
  40  3:32  Overlord  
  43  3:34  Drone  
  43  3:43  Drone  
  43  3:46  Overlord  
  44  3:49  Queen  
  44  3:51  Drone  
  44  3:52  Drone x3  
  50  3:57  Zergling x2  
  50  3:58  Baneling Nest  
  50  4:04  Queen  
  50  4:06  Drone x5  
  50  4:09  Overlord  
  57  4:14  Overlord  
  57  4:16  Zergling x4  
  59  4:21  Zergling x6  
  59  4:24  Overlord  
  62  4:27  Spore Crawler  
  62  4:30  Spore Crawler  
  60  4:31  Spore Crawler  
  60  4:32  Zergling x2  
  60  4:33  Zergling x2  
  60  4:37  Zergling x4  
  63  4:43  Overlord, Baneling x2  
  63  4:44  Drone x3  
  66  4:49  Overlord  
  66  4:51  Drone x3  
  69  4:54  Drone x2  
  70  5:01  Lair  
  70  5:04  Drone x2  
  70  5:05  Drone x3  
  70  5:06  Drone  
  76  5:07  Drone  
  76  5:11  Overlord  
  77  5:15  Drone x2  
  77  5:20  Extractor  
  77  5:21  Extractor  
  75  5:24  Zergling x6  
  75  5:27  Drone x3  
  80  5:32  Drone x4  
  79  5:35  Extractor  
  79  5:39  Drone x4, Extractor  
  81  5:45  Overlord  
  81  5:46  Extractor  
  81  5:48  Drone x2  
  82  5:52  Hatchery  
  82  5:55  Queen  
  82  5:58  Drone x3  
  82  5:59  Centrifical Hooks  
  82  6:04  Drone  
  86  6:07  Drone x2, Spire  
  86  6:08  Drone  
  88  6:12  Zergling x4  
  88  6:16  Zergling x2  
  88  6:17  Zergling x6, Overseer  
  94  6:22  Drone  
  94  6:23  Evolution Chamber x2  
  94  6:25  Zergling x2  
  94  6:30  Baneling  
  94  6:31  Baneling x6  
  94  6:32  Zergling x4  
  96  6:36  Zergling x2  
  97  6:40  Zergling x8  
  97  6:45  Zergling x2  
  102  6:48  Zergling x2  
  102  6:49  Baneling  
  102  6:50  Zerg Melee Weapons Level 1, Zerg Ground Armor Level 1  
  102  6:53  Zergling x8  
  107  7:05  Zergling x16  
  107  7:07  Overlord  
  114  7:10  Overseer  
  114  7:12  Overlord, Drone x2  
  112  7:16  Hatchery  
  112  7:17  Overlord  
  112  7:19  Overlord  
  111  7:25  Queen  
  111  7:26  Overlord  
  113  7:30  Mutalisk x3  
  113  7:33  Baneling  
  113  7:34  Baneling x10  
  113  7:36  Zerg Flyer Weapons Level 1  
  119  7:42  Mutalisk x3  
  125  7:44  Drone  
  125  7:45  Drone  
  125  7:47  Drone x2  
  127  7:52  Drone x4  
  127  7:56  Mutalisk x2  
  133  8:01  Overlord  
  133  8:02  Overlord  
  133  8:06  Mutalisk  
  133  8:07  Mutalisk x2  
  133  8:08  Overlord  
  139  8:18  Burrow  
  138  8:20  Mutalisk  
  138  8:22  Hatchery  
  138  8:25  Mutalisk  
  141  8:27  Drone x6  
  141  8:28  Overlord  
  141  8:31  Extractor  
  141  8:32  Zergling x6  
  149  8:40  Zergling x16  
  157  8:43  Overlord  
  157  8:46  Overlord  
  157  8:48  Overlord  
  157  8:51  Mutalisk x3  
  157  8:53  Baneling x3  
  163  8:59  Zergling x10  
  163  9:00  Zergling x4  
  170  9:13  Zergling x16  
  170  9:14  Zergling x16  
  177  9:23  Baneling x3  
  177  9:24  Baneling x14  
  171  9:27  Zerg Ground Armor Level 2  
  171  9:30  Zergling x10  
  176  9:33  Overlord  
  176  9:36  Zerg Melee Weapons Level 2  
  176  9:40  Zergling x10  
  181  9:49  Zergling x18  
  173  10:03  Zergling x26  
  184  10:11  Zergling x12  
  190  10:15  Baneling x5  
  190  10:18  Baneling  
  190  10:19  Baneling x5  
  175  10:25  Zergling x12  
  181  10:28  Baneling x2  
  181  10:29  Baneling x4  
  179  10:37  Baneling x17  
  164  10:51  Mutalisk x5  
  164  10:55  Zergling x16  
  182  10:57  Baneling x4  
  182  11:03  Zergling x12  
  185  11:18  Zergling x22  
  172  11:27  Zergling x10  
  172  11:32  Zergling x4  
  179  11:33  Baneling x2  
  179  11:34  Baneling  
  179  11:42  Zergling x2  
  179  11:43  Zergling x8, Hatchery  
  165  11:57  Zergling x2  
  165  11:58  Zergling x20, Queen  
  169  12:05  Zergling x4  
  156  12:09  Zergling x16  
  156  12:10  Baneling  
  156  12:11  Baneling x10  
  157  12:17  Zergling x2  
  157  12:18  Zergling x10  
  158  12:23  Mutalisk x2  
  134  12:37  Zergling x16  
  134  12:38  Zergling x4  
  140  12:46  Mutalisk x4  
  135  12:52  Zergling x2  
  135  12:53  Baneling x10  
  119  13:02  Baneling x5  
  119  13:03  Baneling  
  119  13:08  Zergling x14  
  119  13:12  Mutalisk  
  124  13:30  Mutalisk x2  
  128  13:36  Drone  
  128  13:37  Drone x2  
  125  14:11  Mutalisk  
  125  14:12  Mutalisk x6  
  137  14:25  Overlord  
  127  14:43  Zergling x2  
  127  14:44  Zergling x8  
  124  14:55  Overlord x2  
  98  15:14  Drone x3  
  99  15:28  Hatchery  
  99  15:35  Drone  
  94  15:42  Drone  
  78  15:58  Drone  
  78  15:59  Drone  
  77  16:08  Drone  

Tags
 
Add a new tag
Caveats
  • Supply blocks, unpowered buildings, or Contaminate may cause inaccurate times.
  • Supply counts are checked every 10 seconds.